 Dungeon Crawl Stone Soup version 0.25-a0-109-ge9c0e85 (webtiles) character file.

Game seed: 9531788372266952627, levelgen mode: deterministic

95 HungryMoth the Magician (level 4, 0/33 HPs)
             Began as a Merfolk Skald on Nov 19, 2019.
             Was an Initiate of Qazlal.
             Slain by a worm (5 damage)
             ... on level 3 of the Dungeon.
             The game lasted 00:07:08 (2259 turns).

HungryMoth the Magician (Merfolk Skald)             Turns: 2259, Time: 00:07:08

Health: 0/33       AC:  4    Str:  8 (11) XL:     4   Next: 65%
Magic:  0/10       EV: 12    Int:  9 (12) God:    Qazlal [......]
Gold:   69         SH:  0    Dex: 12 (14) Spells: 0/11 levels left

rFire    . . .     SeeInvis .   a - +1 spear
rCold    . . .     Gourm    .   (no shield)
rNeg     + . .     Faith    .   b - +1 leather armour
rPois    .         Spirit   +   (no helmet)
rElec    .         Reflect  .   (no cloak)
rCorr    .         Harm     .   (no gloves)
MR       .....                  (no boots)
Stlth    +.........             e - amulet of guardian spirit
HPRegen  0.11/turn              m - ring of positive energy
MPRegen  0.12/turn              (no ring)

@: very slightly contaminated
A: change form in water, swift swim, stealthy swim
a: Renounce Religion


You were on level 3 of the Dungeon.
You worshipped Qazlal.
Qazlal was noncommittal.
You were not hungry.

You visited 1 branch of the dungeon, and saw 3 of its levels.

You collected 69 gold pieces.

Inventory:

Hand Weapons
 a - a +1 spear (weapon)
Armour
 b - a +1 leather armour (worn)
Jewellery
 e - an amulet of guardian spirit (around neck)
 l - a +3 ring of dexterity {unknown}
 m - a ring of positive energy (left hand)
Wands
 j - a wand of polymorph (7)
Scrolls
 g - a scroll of remove curse {unknown}
 h - 2 scrolls of immolation {unknown}
 i - 3 scrolls of identify {unknown}
 k - 3 scrolls of amnesia {unknown}
Potions
 c - a potion of curing
 n - a potion of brilliance {unknown}
Comestibles
 d - 5 rations
 o - 4 chunks of flesh


   Skills:
 - Level 2.1 Fighting
 - Level 3.0 Polearms
 - Level 0.6 Armour
 - Level 2.6 Dodging
 + Level 4.4 Spellcasting
 - Level 3.2 Charms


You couldn't memorise any spells.
You knew the following spells:

 Your Spells              Type           Power        Failure   Level  Hunger
a - Infusion              Chrm           #...         10%         1    #......
b - Shroud of Golubria    Chrm/Tloc      #.....       28%         2    ###....
c - Song of Slaying       Chrm           #.......     14%         2    ###....
d - Spectral Weapon       Hex/Chrm       #.......     50%         3    ###....
e - Regeneration          Chrm/Necr      #.........   50%         3    ###....

Your spell library contained the following spells:

 Spells                   Type           Power        Failure   Level  Hunger


Dungeon Overview and Level Annotations

Branches:
Dungeon (3/15)

Altars:
Qazlal
Trog
Xom


Message History

You butcher the worm corpse.
You butcher the rat corpse.
Things that are here:
3 chunks of flesh; a chunk of flesh; a rat skeleton
o - a chunk of flesh;
o - 4 chunks of flesh (gained 3)
Found a hunting sling, a dagger and a whip.
Your song has ended.
Found a quarterstaff.
The moth of wrath goads the worm on!
The worm goes berserk!
The worm bites you!
Your spectral weapon fades away.
You hit the worm.
The worm is lightly wounded.
The worm bites you!
* * * LOW HITPOINT WARNING * * *
Okay, then.
It was a potion of degeneration.
There was something very wrong with that liquid.
You feel weakened.
You feel dopey.
You feel clumsy. The worm bites you.
You die...

#.##..#(##.......###.#####...#
#....####.........#.#.........
#####.###)...#....##.#####...#
###..#....###...##.#########
#....#.._.#y#...รท..........
#.##.#)...###...##.#######.
#.##.##)...#....##.#
#.##.##)...w....#<##
#.##.###...@...##.# #.##.#
###....###.# #.##.##########
#.# #.##.........####.#
#.########.....##.########
#>................
#.........######## #.....###.#
##(...# #.#


You could see a moth of wrath and a worm (berserk).

Vanquished Creatures
  5 adders
  A worm (D:3)
  3 leopard geckos (D:1)
  A bat (D:1)
  3 giant cockroaches (D:1)
  5 goblins
  10 hobgoblins
  2 jackals (D:1)
  A kobold (D:3)
  A quokka (D:3)
  A frilled lizard (D:3)
  9 rats
42 creatures vanquished.

Notes
Turn   | Place    | Note
-------+----------+-------------------------------------------
     0 | D:1      | HungryMoth the Merfolk Skald began the quest for the Orb.
     0 | D:1      | Reached XP level 1. HP: 16/16 MP: 3/3
   310 | D:1      | Reached XP level 2. HP: 22/22 MP: 0/5
   378 | D:1      | Learned a level 2 spell: Shroud of Golubria
   381 | D:1      | Learned a level 2 spell: Song of Slaying
   617 | D:1      | Reached skill level 3 in Spellcasting
   972 | D:1      | Reached XP level 3. HP: 27/27 MP: 7/7
   977 | D:1      | Learned a level 3 spell: Spectral Weapon
  1330 | D:2      | Found a stormy altar of Qazlal.
  1387 | D:3      | Reached XP level 4. HP: 12/33 MP: 1/9
  1583 | D:2      | Reached skill level 4 in Spellcasting
  1682 | D:2      | Found a shimmering altar of Xom.
  2011 | D:2      | Became a worshipper of Qazlal Stormbringer
  2016 | D:2      | Learned a level 3 spell: Regeneration
  2126 | D:3      | Noticed a moth of wrath
  2228 | D:3      | Found a bloodstained altar of Trog.
  2259 | D:3      | Slain by a worm

Levels and vault maps discovered:
D:1:      onia_arrival_mini_spirals, layout_basic, corexii_leaking_fountain,
          minmay_tromino_mix6
D:2:      layout_rooms, nicolae_qazlal_general_emergency, first_ration,
          lemuel_statue_altar
D:3:      layout_loops_ring, old_standard_altar, tgw_trog, uniq_sigmund

Skill      XL: |  1  2  3  4 |
---------------+-------------+-----
Spellcasting   | 3 4 |  4.4
Fighting       | |  2.1
Polearms       | |  3.0
Armour         | |  0.6
Dodging        | |  2.6
Charms         | |  3.2

Action                   |  1- 3 |  4- 6 || total
-------------------------+-------+-------++-------
Melee: Spear             |   125 |    62 ||   187
 Cast: Infusion          |     2 |     1 ||     3
       Song of Slaying   |     1 |     1 ||     2
       Shroud of Golubri |     3 |     1 ||     4
       Spectral Weapon   |       |     1 ||     1
  Use: Scroll            |     4 |     2 ||     6
       Potion            |     1 |     1 ||     2
 Stab: Sleeping          |     2 |       ||     2
  Eat: Chunk             |     1 |     4 ||     5
Armor: Leather armour    |    28 |    11 ||    39
Dodge: Dodged            |    72 |    28 ||   100

Table legend:
 A = Non-vault XP
 B = Vault XP
 C = Vault XP percentage of total XP
 D = Non-vault monster count
 E = Vault monster count
 F = Vault count percentage of total count
                 A         B        C        D         E       F
            +---------+---------+-------+---------+---------+-------
      Total |     121 |      15 |  11.0 |      34 |       8 |  19.0
            +---------+---------+-------+---------+---------+-------
        D:1 |      30 |       7 |  18.9 |      15 |       4 |  21.1
        D:2 |      72 |       0 |   0.0 |      15 |       0 |   0.0
        D:3 |      19 |       8 |  29.6 |       4 |       4 |  50.0
            +---------+---------+-------+---------+---------+-------
